 Dungeon Crawl Stone Soup version 0.28.0-43-g3370ac3207 (webtiles) character file.

Game seed: 2219259878533526560

1624 terff the Cudgeller (level 8, -4/60 HPs)
             Began as a Demonspawn Gladiator on Mar 30, 2022.
             Was an Initiate of Gozag.
             Slain by a wyvern (12 damage)
             ... on level 7 of the Dungeon.
             The game lasted 00:13:40 (7694 turns).

terff the Cudgeller (Demonspawn Gladiator)          Turns: 7694, Time: 00:13:42

Health: -4/60      AC: 15    Str: 18    XL:     8   Next: 65%
Magic:  8/8        EV:  7    Int:  9    God:    Gozag
Gold:   577        SH:  0    Dex: 20    Spells: 7/7 levels left

rFire   . . .      SeeInvis .   a - +0 flail (venom)
rCold   . . .      Faith    .   (no shield)
rNeg    . . .      Spirit   .   f - +0 plate armour
rPois   .          Reflect  .   r - +2 hat {Stlth+}
rElec   .          Harm     .   (no cloak)
rCorr   .          Rampage  .   (no gloves)
Will    .....                   (no boots)
Stlth   ..........              (no amulet)
HPRegen 0.20/turn               q - +6 ring of dexterity
MPRegen 0.11/turn               (no ring)

@: gold aura
A: hooves 1, demonic guardian 1, weakness stinger 1, demonic touch 2
a: Renounce Religion, Potion Petition, Call Merchant, Bribe Branch


You were on level 7 of the Dungeon.
You worshipped Gozag.
Gozag was pleased with you.
You visited 2 branches of the dungeon, and saw 8 of its levels.

You collected 649 gold pieces.
You paid 72 gold pieces to Gozag.

Inventory:

Hand Weapons
 a - a +0 flail of venom (weapon)
Missiles
 d - 5 throwing nets (quivered)
Armour
 f - a +0 plate armour (worn)
 r - a +2 hat of stealth (worn)
Jewellery
 q - a +6 ring of dexterity (left hand)
Wands
 b - a wand of iceblast (7)
Scrolls
 e - 6 scrolls of teleportation
 i - a scroll of holy word
 m - a scroll of fear
 o - 2 scrolls of magic mapping
Potions
 h - a potion of resistance {unknown}
 j - a potion of mutation {unknown}
 k - a potion of ambrosia {unknown}
 l - 2 potions of might {unknown}
 n - a potion of heal wounds {unknown}
 p - 2 potions of flight {unknown}


   Skills:
 + Level 4.3 Fighting
 + Level 6.6 Maces & Flails
 - Level 1.7 Throwing
 * Level 6.6 Armour
 + Level 3.4 Dodging
 + Level 0.9 Stealth


You had 7 spell levels left.
You didn't know any spells.
Your spell library contained the following spells:

 Spells                   Type           Power      Damage    Failure   Level
 Magic Dart               Conj           0%         1d3       100%        1
 Scorch                   Fire           0%         2d5       100%        2
 Searing Ray              Conj           0%         2d4       100%        2
 Static Discharge         Conj/Air       0%         N/A       100%        2
 Dispel Undead            Necr           0%         3d6       100%        4
 Flame Wave               Conj/Fire      0%         2d4       100%        4
 Fulminant Prism          Conj/Hex       0%         3d6       100%        4
 Sticky Flame             Conj/Fire      0%         2d3       100%        4
 Alistair's Intoxication  Tmut/Pois      0%         N/A       100%        5
 Borgnjor's Vile Clutch   Necr/Erth      0%         N/A       100%        5
 Eringya's Noxious Bog    Tmut/Pois      0%         N/A       100%        6
 Summon Cactus Giant      Summ           0%         N/A       100%        6


Dungeon Overview and Level Annotations

Branches:
Dungeon (7/15)             Temple (1/1) D:5

Altars:
Ashenzari
Cheibriados
Dithmenos
Elyvilon
Gozag
Hepliaklqana
Kikubaaqudgha
Makhleb
Nemelex Xobeh
Okawaru
Qazlal
Ru
Sif Muna
Vehumet
Wu Jian
Xom
Yredelemnul
Zin
The Shining One

Shops:
D:5 :


Innate Abilities, Weirdness & Mutations

You have large cloven feet.
A weak demonic guardian rushes to your aid.
You have a small tail.
Your touch may inflict irresistible damage on your foes.


Message History

The water moccasin bites you but does no damage. x2
You barely miss the water moccasin.
Your tail-slap misses the water moccasin.
The water moccasin is severely wounded.
You feel sick. The water moccasin bites you.
You are more poisoned.
The water moccasin poisons you!
You closely miss the water moccasin. You kick the water moccasin.
You tail-slap the water moccasin, but do no damage.
You touch the water moccasin.
You kill the water moccasin!
* * * LOW HITPOINT WARNING * * *
You feel very sick.
The wyvern bites you but does no damage.
You feel better.
The wyvern bites you but does no damage.
You hit the wyvern.
You tail-slap the wyvern, but do no damage.
Your touch misses the wyvern.
The wyvern is lightly wounded.
The wyvern bites you but does no damage.
The wyvern bites you!
* * * LOW HITPOINT WARNING * * *
You sock the wyvern!
The wyvern is poisoned.
Your kick misses the wyvern.
The wyvern is severely wounded.
The wyvern bites you!
* * * LOW HITPOINT WARNING * * *
A demonic guardian appears!
The wyvern bites you but does no damage.
You hit the wyvern but do no damage.
The wyvern looks as sick as possible!
The wyvern is severely wounded.
The wyvern barely misses you.
You hit the wyvern.
The wyvern looks as sick as possible!
Your kick misses the wyvern. Your touch misses the wyvern.
The wyvern is almost dead.
The wyvern barely misses you.
The black bear is distracted by your dazzling golden aura.
The wyvern bites you!
You die...
Your body crumbles into a pile of gold.

...#.#....>(...#.#....#.#.....#
##.#.#.........#........#.....#
.....'........................#
...#.#....#'####.########....##
...#.#....#.....(.........>..#
...#.#....######.########....#
...#+####.#. #.# #....#
##.....##.#.## #5# #....#
##.....+...... #@# #....#
.......##.#.#..#l# ##+###
.......+ #..#h## ## .......#
#...# ..# .......... +...# <..#
.###...### #(..#....## .# ...+
+...'...... .#+#<..#
#...####### .......# #...#


You could see a black bear (unaware), a wyvern (extremely poisoned, ally target)
and a friendly white imp (summoned).

Vanquished Creatures
  A water moccasin (D:7)
  An ice beast (D:5)
  2 black bears
  A kobold brigand (D:6)
  A scorpion (D:2)
  3 water moccasin skeletons (D:6)
  6 killer bees (D:7)
  A howler monkey (D:7)
  A bullfrog zombie (D:5)
  A centaur zombie (D:7)
  3 hounds
  A jelly (D:5)
  2 gnoll shamans (D:6)
  2 orc priests (D:6)
  2 hound skeletons (D:4)
  Robin (D:2)
  11 gnolls
  10 adders
  2 howler monkey skeletons (D:6)
  2 shadow imps (D:5)
  2 white imps
  2 adder skeletons
  2 worms (D:3)
  A dart slug (D:4)
  13 orcs
  3 bats
  5 endoplasms
  2 giant cockroaches
  10 goblins
  9 hobgoblins
  2 jackals (D:1)
  5 quokkas
  2 ball pythons
  4 frilled lizards
  8 kobolds
  2 rats (D:2)
126 creatures vanquished.

Vanquished Creatures (others)
  6 plants (D:3)
6 creatures vanquished.

Grand Total: 132 creatures vanquished

Notes
Turn   | Place    | Note
-------+----------+-------------------------------------------
     0 | D:1      | terff the Demonspawn Gladiator began the quest for the Orb.
     0 | D:1      | Reached XP level 1. HP: 16/16 MP: 1/1
    96 | D:1      | Found a faded altar of an unknown god.
   515 | D:1      | Discovered your monstrous ancestry.
   515 | D:1      | Gained mutation: Your touch may inflict minor irresistible
                  | damage on your foes. [demonic ancestry]
   515 | D:1      | Reached XP level 2. HP: 15/22 MP: 2/2
   830 | D:2      | Noticed a scorpion
   836 | D:2      | Killed a scorpion
   837 | D:2      | Gained mutation: Your touch may inflict irresistible damage
                  | on your foes. [demonic ancestry]
   837 | D:2      | Reached XP level 3. HP: 17/28 MP: 3/3
   838 | D:2      | Gained mutation: A weak demonic guardian rushes to your
                  | aid. [demonic ancestry]
   838 | D:2      | Reached XP level 4. HP: 20/34 MP: 4/4
  1166 | D:2      | Reached skill level 1 in Armour
  1488 | D:2      | Reached XP level 5. HP: 37/40 MP: 5/5
  1670 | D:2      | Noticed Robin
  1687 | D:2      | Killed Robin
  3714 | D:4      | Noticed a black bear
  3719 | D:4      | Killed a black bear
  3720 | D:4      | Reached XP level 6. HP: 47/47 MP: 6/6
  3996 | D:5      | Entered Level 5 of the Dungeon
  4090 | D:5      | Gained mutation: You have large cloven feet. [demonic
                  | ancestry]
  4090 | D:5      | Reached XP level 7. HP: 21/52 MP: 7/7
  4467 | D:5      | Reached skill level 5 in Maces & Flails
  4554 | D:5      | Found a staircase to the Ecumenical Temple.
  4640 | Temple   | Entered the Ecumenical Temple
  4743 | Temple   | Became a worshipper of Gozag Ym Sagoz the Greedy
  5049 | D:5      | Found Ackirchoc's Book Shoppe.
  6076 | D:6      | Reached skill level 5 in Armour
  6104 | D:6      | Gained mutation: You have a small tail. [demonic ancestry]
  6104 | D:6      | Reached XP level 8. HP: 18/60 MP: 8/8
  6405 | D:6      | Found a shadowy altar of Dithmenos.
  6405 | D:6      | Found an iron altar of Okawaru.
  6405 | D:6      | Found a sparkling altar of Nemelex Xobeh.
  6406 | D:6      | Found a snail-covered altar of Cheibriados.
  7182 | D:7      | HP: 1/60 [killer bee (4)]
  7694 | D:7      | Slain by a wyvern

Illustrated notes

Levels and vault maps discovered:
D:1:      dpeg_arrival_line_fractal, layout_loops_ring,
          shapermc_ecumenical_altar_pompeii
D:2:      layout_loops_ring, uniq_robin
D:3:      layout_basic, general_overflow_altar, serial_bayou,
          serial_bayou_pond_c, serial_bayou_crossing, serial_bayou_shore_a,
          serial_bayou_pond_e
D:4:      layout_cave_pools
D:5:      layout_layer_cave, minmay_temple_entry_mist, eino_tiny_chamber,
          skrybe_limestone_x, nicolae_stop_n_shop_2
D:6:      layout_layer_cave, chequers_temple_overflow_statue_of_worship,
          grunt_ministairs_9, minmay_misc_feat_ornament
D:7:      minmay_blocky_corners, layout_basic
Temple:   zaba_magenta_temple

Skill      XL: |  1  2  3  4  5  6  7  8 |
---------------+-------------------------+-----
Maces & Flails | 3 4 5 6 |  6.6
Dodging        | 3 |  3.4
Armour         | 1 2 3 5 6 |  6.6
Fighting       | 3 4 |  4.3
Throwing       | |  1.7
Stealth        | |  0.9

Action                   |  1- 3 |  4- 6 |  7- 9 || total
-------------------------+-------+-------+-------++-------
Melee: Flail             |    28 |   156 |   169 ||   353
       Touch             |     1 |    34 |    25 ||    60
       Punch             |       |     1 |     4 ||     5
       Kick              |       |       |    56 ||    56
       Tailslap          |       |       |    20 ||    20
  Use: Scroll            |       |    10 |       ||    10
       Potion            |       |       |     3 ||     3
Armor: Plate armour      |    38 |   173 |   157 ||   368
Dodge: Dodged            |    12 |    62 |    92 ||   166
